 Dungeon Crawl Stone Soup version 0.25.1-2-g60ff931df9 (webtiles) character file.

Game seed: 2586537081121498520

1089 tempo the Thaumaturge (level 8, -2/43 HPs)
             Began as a Deep Elf Wizard on Sept 27, 2020.
             Killed by nerve-wracking pain
             ... invoked by a shadow imp
              (10 damage)
             ... on level 5 of the Dungeon.
             The game lasted 00:19:31 (6433 turns).

tempo the Thaumaturge (Deep Elf Wizard)             Turns: 6433, Time: 00:19:31

Health: -2/43      AC:  5    Str:  4    XL:     8   Next: 9%
Magic:  11/22      EV: 11    Int: 26    God:
Gold:   148        SH:  0    Dex: 13    Spells: 13/24 levels left

rFire    . . .     SeeInvis .   e - +0 mace (distort)
rCold    . . .     Gourm    .   (no shield)
rNeg     . . .     Faith    .   m - +0 leather armour
rPois    .         Spirit   .   s - +0 helmet
rElec    .         Reflect  .   (no cloak)
rCorr    .         Harm     .   (no gloves)
MR       .....                  i - +0 pair of boots
Stlth    +++.......             (no amulet)
HPRegen  0.14/turn              n - ring of wizardry
MPRegen  0.18/turn              B - ring of stealth

@: very slightly contaminated, studying Slings
A: no striking features
a: no special abilities


You were on level 5 of the Dungeon.
You were hungry.

You visited 1 branch of the dungeon, and saw 5 of its levels.
You also visited: Sewer.

You collected 275 gold pieces.
You spent 127 gold pieces at shops.

Inventory:

Hand Weapons
 e - a +0 mace of distortion (weapon)
 t - a +0 spear of venom
 u - a +4 halberd of venom
Missiles
 p - 25 bolts
Armour
 i - a +0 pair of boots (worn)
 m - a +0 leather armour (worn)
 s - a +0 helmet (worn)
Jewellery
 n - a ring of wizardry (left hand)
 v - a +6 ring of strength
 B - a ring of stealth (right hand)
Wands
 f - a wand of random effects (42)
 k - a wand of flame (3)
 l - a wand of polymorph (9)
Scrolls
 c - 6 scrolls of teleportation
 g - 4 scrolls of identify
 r - a scroll of magic mapping
 w - a scroll of remove curse {unknown}
 x - a scroll of fog {unknown}
 y - a scroll of blinking {unknown}
 A - a scroll of enchant weapon {unknown}
Potions
 a - a potion of mutation
 h - a potion of magic {unknown}
 j - 2 potions of heal wounds {unknown}
 o - a potion of curing {unknown}
 q - a potion of flight {unknown}
 z - 4 potions of might {unknown}
Books
 b - a manual of Slings
Comestibles
 d - 4 rations
 C - 6 chunks of flesh


   Skills:
 - Level 1.0 Fighting
 - Level 1.0 Armour
 - Level 2.4 Dodging
 - Level 2.4 Stealth
 * Level 8.6 Spellcasting
 * Level 5.7 Conjurations
 - Level 1.1 Summonings
 - Level 1.1 Translocations
 + Level 3.6 Fire Magic
 - Level 3.0 Air Magic
 + Level 0.6 Evocations


You had 13 spell levels left.
You knew the following spells:

 Your Spells              Type           Power        Failure   Level  Hunger
a - Magic Dart            Conj           ####         1%          1    None
b - Mephitic Cloud        Conj/Pois/Air  ####....     3%          3    None
c - Call Imp              Summ           ###.....     3%          2    None
d - Blink                 Tloc           N/A          3%          2    None
e - Conjure Flame         Conj/Fire      #####...     1%          3    None

Your spell library contained the following spells:

 Spells                   Type           Power        Failure   Level  Hunger
 Slow                     Hex            ##......     6%          2    None


Dungeon Overview and Level Annotations

Branches:
Dungeon (5/15)              Sewer (visited)
 Temple: D:4-7

Altars:
Elyvilon
Qazlal
Trog

Shops:
D:4 =*==

Annotations:
Abyss:1 Sigmund


Message History

A shadow imp comes into view.
Unknown command.
The gnoll hits you from afar with a +0 halberd.
* * * LOW HITPOINT WARNING * * *
Casting: Mephitic Cloud (dangerous; 3% risk of failure)
Confirm with . or Enter, or press ? or * to list all spells.
Aiming: Mephitic Cloud (dangerous; 3% risk of failure)
Press: ? - help, Shift-Dir - straight line, f - gnoll
Aim: a gnoll, wielding a +0 halberd The ball explodes into a vile cloud!
The stinking cloud engulfs the gnoll but does no damage.
The stinking cloud engulfs the shadow imp but does no damage.
Unknown command.
Unknown command.
The gnoll is engulfed in noxious fumes.
The gnoll appears confused.
The gnoll barely misses the shadow imp.
The gnoll is engulfed in noxious fumes.
The gnoll appears confused.
The shadow imp gestures at you. Pain shoots through your body!
You die...

***,,* #....##.....,,,,,*
*,,,,####.....#.....,,,,**
*..,*#..............,,,,**
*..,,#.............,,,,,**
##.,*#....÷.....#,,,,**,**
##..###.........##,#,,,,,,,
#..............###.##*,*,*,
*##..#..#.<.#.......#,**,**
##.#).##@####.##....,,,*,
##...##..5g)☼#**,..,,,*,
##.....#.###☼°#,,,,,,,,,,
####...>.#####.g##,,,,,,,***
##.#..##### #...,,,,*******
#......## ***##...,,,*,,,*,,
##......###*,*,.....,,*,,,*,,
##.........,,,,......,*,,,*,,
#...........,,,.......*,,,**,


You could see a gnoll (confused) and a shadow imp.

Vanquished Creatures
  The ghost of Renzlar the Shield-Bearer, an amateur GnFi (D:3)
  Purgy (Sewer)
  2 ogres
  A water moccasin skeleton (D:4)
  Terence (D:2)
  Natasha (thrice) (D:2)
  An orc wizard (D:3)
  Ijyb (D:3)
  15 gnolls
  A river rat (D:5)
  7 adders
  A shadow imp (D:5)
  2 oozes (D:3)
  An adder skeleton (D:4)
  A worm (D:2)
  4 dart slugs
  3 leopard geckos
  8 orcs
  9 giant cockroaches
  6 goblins
  6 hobgoblins
  3 jackals (D:1)
  A quokka (D:3)
  A ball python (D:4)
  9 bats
  6 frilled lizards
  8 kobolds
  4 rats
107 creatures vanquished.

Vanquished Creatures (others)
  A gnoll (D:3)
  A jackal (D:1)
  A quokka (D:4)
  A bat (D:3)
  6 plants (D:3)
10 creatures vanquished.

Grand Total: 117 creatures vanquished

Notes
Turn   | Place    | Note
-------+----------+-------------------------------------------
     0 | D:1      | tempo the Deep Elf Wizard began the quest for the Orb.
     0 | D:1      | Reached XP level 1. HP: 10/10 MP: 7/7
     6 | D:1      | Noticed a black bear
     6 | D:1      | Noticed a swamp drake
     7 | D:1      | Noticed an anaconda
     7 | D:1      | Noticed a crocodile
   368 | D:1      | Reached XP level 2. HP: 13/15 MP: 5/9
   914 | D:1      | Reached skill level 5 in Spellcasting
   996 | D:1      | Reached XP level 3. HP: 20/20 MP: 9/11
  1001 | D:1      | Learned a level 3 spell: Mephitic Cloud
  1008 | D:1      | Learned a level 2 spell: Call Imp
  1011 | D:1      | Learned a level 2 spell: Blink
  1015 | D:1      | Learned a level 3 spell: Conjure Flame
  1388 | D:2      | Noticed Sigmund
  1551 | D:2      | Noticed Terence
  1565 | D:2      | Killed Terence
  1565 | D:2      | Reached skill level 1 in Fighting
  1565 | D:2      | Reached skill level 1 in Armour
  1866 | D:2      | Noticed Natasha
  1871 | D:2      | Killed Natasha
  1871 | D:2      | Reached XP level 4. HP: 19/25 MP: 6/13
  2284 | D:2      | Noticed Natasha
  2288 | D:2      | Banished Sigmund
  2288 | D:2      | Reached skill level 6 in Spellcasting
  2288 | D:2      | Reached skill level 1 in Fire Magic
  2288 | D:2      | Reached skill level 1 in Air Magic
  2288 | D:2      | Reached XP level 5. HP: 16/29 MP: 10/15
  2291 | D:2      | Killed Natasha
  2301 | D:2      | Noticed Natasha
  2312 | D:2      | Killed Natasha
  2312 | D:2      | Reached XP level 6. HP: 11/34 MP: 7/17
  2533 | D:2      | Found a bloodstained altar of Trog.
  3218 | D:3      | Found a transporter.
  3291 | D:3      | Found a transporter.
  3386 | D:3      | Noticed Ijyb
  3402 | D:3      | Killed Ijyb
  3402 | D:3      | Reached skill level 7 in Spellcasting
  3693 | D:3      | Found a stormy altar of Qazlal.
  3916 | D:3      | Noticed Renzlar's ghost (amateur GnFi)
  3936 | D:3      | Paralysed by a gnoll for 5 turns
  4421 | D:3      | Killed Renzlar's ghost
  4421 | D:3      | Reached XP level 7. HP: 31/38 MP: 1/20
  4556 | D:4      | Found Deh Hat's General Store.
  4729 | D:4      | Found Vygassau's General Store.
  4732 | D:4      | Bought a scroll of teleportation for 36 gold pieces
  4839 | D:4      | Reached skill level 5 in Conjurations
  4952 | D:4      | Reached skill level 8 in Spellcasting
  5148 | D:4      | Found a white marble altar of Elyvilon.
  5202 | D:4      | Found Jyrid's Jewellery Shop.
  5207 | D:4      | Bought a cursed ring of teleportation for 63 gold pieces
  5207 | D:4      | Bought a cursed amulet of inaccuracy for 28 gold pieces
  5274 | D:4      | Found Gesithre's Jewellery Shoppe.
  5378 | D:4      | Found Hegriepa's Jewellery Emporium.
  5720 | D:5      | Entered Level 5 of the Dungeon
  5765 | D:5      | Found a glowing drain.
  5769 | Sewer    | Entered a sewer
  5901 | Sewer    | Noticed Purgy
  5923 | Sewer    | Killed Purgy
  6331 | D:5      | Reached XP level 8. HP: 43/43 MP: 14/22
  6433 | D:5      | Killed from afar by a shadow imp

Illustrated notes

Levels and vault maps discovered:
D:1:      onia_arrival_zoo_common, layout_loops_ring,
          chequers_serial_rivers_micro_a
D:2:      layout_rooms, lightli_temple_of_fire, uniq_natasha, uniq_terence,
          uniq_sigmund
D:3:      layout_loops_corners, lemuel_crystal_altar,
          gammafunk_ghost_gnarly_gnolls, uniq_ijyb
D:4:      layout_loops_ring, serial_shops, nicolae_shop_crystal, shop,
          shop_statue, shop, kennysheep_mini_moat, elyvilon_altar_4
D:5:      layout_cave_pools, overflow_temple_1_default, gup_sewer_entry_bowl,
          first_ration, kennysheep_cross_bottleneck

Skill      XL: |  1  2  3  4  5  6  7 |
---------------+----------------------+-----
Spellcasting   | 5 6 7 8 |  8.6
Fighting       | 1 |  1.0
Armour         | 1 |  1.0
Conjurations   | 2 3 4 5 |  5.7
Fire Magic     | 1 2 3 |  3.6
Air Magic      | 1 2 3 |  3.0
Dodging        | |  2.4
Stealth        | |  2.4
Summonings     | |  1.1
Translocations | |  1.1
Evocations     | |  0.6

Action                   |  1- 3 |  4- 6 |  7- 9 || total
-------------------------+-------+-------+-------++-------
Melee: Mace              |    22 |    25 |    11 ||    58
 Cast: Magic Dart        |    74 |    97 |    94 ||   265
       Mephitic Cloud    |     2 |     7 |     5 ||    14
       Conjure Flame     |     1 |     9 |       ||    10
       Call Imp          |       |     5 |     3 ||     8
       Blink             |       |     1 |       ||     1
Evoke: Wand              |       |    20 |       ||    20
  Use: Scroll            |       |       |     3 ||     3
 Stab: Confused          |     1 |     6 |     1 ||     8
  Eat: Chunk             |     1 |     8 |     4 ||    13
       Ration            |       |       |     1 ||     1
Armor: Robe              |     5 |       |       ||     5
       Leather armour    |       |    14 |    10 ||    24
Dodge: Dodged            |    35 |    23 |    27 ||    85
